 Dungeon Crawl Stone Soup version 0.30.1-3-gfc49f6343a (webtiles) character file.

Game seed: 2418300738028097447

1035 shmup the Arsonist (level 8, -1/41 HPs)
             Began as a Tengu Fire Elementalist on July 26, 2023.
             Was a Follower of Makhleb.
             Succumbed to a gnoll sergeant's poison
             ... on level 5 of the Dungeon.
             The game lasted 00:15:52 (5317 turns).

shmup the Arsonist (Tengu Fire Elementalist)        Turns: 5317, Time: 00:15:53

Health: -1/41      AC:  2    Str:  9    XL:     8   Next: 24%
Magic:  4/12       EV: 14    Int: 17    God:    Makhleb [*.....]
Gold:   343        SH:  0    Dex: 15    Spells: 5/11 levels left

rFire   + . .        a - +3 dagger (venom)
rCold   . . .        (no shield)
rNeg    . . .        t - +0 robe
rPois   .            (helmet restricted)
rElec   .            (no cloak)
rCorr   .            (no gloves)
SInv    .            (boots unavailable)
Will    .....        (no amulet)
Stlth   ++           j - +4 ring of slaying
HPRegen 0.26/turn    x - ring of protection from fire
MPRegen 0.13/turn

%: no passive effects
@: lethally poisoned (-1 -> -10), flying quickly and evasively, quick
A: beak, talons 3, nimble flight
a: Renounce Religion


You were on level 5 of the Dungeon.
You worshipped Makhleb.
Makhleb was aware of your devotion.
You visited 1 branch of the dungeon, and saw 5 of its levels.
You also visited: Ossuary.

You collected 343 gold pieces.

Inventory:

Hand Weapons
 a - a +3 dagger of venom (weapon)
 b - a +0 spear
 m - a +0 dagger of electrocution
 y - a +0 vampiric dagger
Missiles
 d - 12 stones (quivered)
 h - 15 poisoned darts
Armour
 t - a +0 robe (worn)
Magical Staves
 k - a staff of death
 l - a staff of earth
Jewellery
 j - a +4 ring of slaying (left hand)
 x - a ring of protection from fire (right hand)
Scrolls
 e - a scroll of silence {unknown}
 i - a scroll of vulnerability {unknown}
 n - a scroll of enchant armour {unknown}
 o - a scroll of enchant weapon {unknown}
 p - a scroll of teleportation {unknown}
 q - a scroll of fear
 s - a scroll of torment {unknown}
 u - a scroll of magic mapping {unknown}
 v - a scroll of acquirement {unknown}
 w - a scroll of noise
 A - a scroll of poison {unknown}
 C - a scroll of amnesia
Potions
 c - 2 potions of flight {unknown}
 r - 3 potions of mutation
 z - a potion of heal wounds
 B - 3 potions of degeneration


   Skills:
 - Level 2.1 Dodging
 - Level 2.0 Stealth
 - Level 2.0 Spellcasting
 + Level 6.9 Conjurations
 * Level 0.5 Hexes
 * Level 9.0 Fire Magic


You had 5 spell levels left.
You knew the following spells:

 Your Spells              Type           Power      Damage    Failure   Level
a - Foxfire               Conj/Fire      100%       2x1d9     1%          1
b - Scorch                Fire           64%        2d8       1%          2
c - Inner Flame           Hex/Fire       18%        N/A       9%          3

Your spell library contained the following spells:

 Spells                   Type           Power      Damage    Failure   Level
 Flame Wave               Conj/Fire      28%        2d9       7%          4
 Volatile Blastmotes      Fire/Tloc      34%        2d12      9%          3
 Tukima's Dance           Hex            3%         N/A       41%         3
 Portal Projectile        Hex/Tloc       4%         N/A       45%         3
 Blade Hands              Tmut           0%         N/A       99%         5


Dungeon Overview and Level Annotations

Branches:
Dungeon (5/15)            Ossuary (visited)
 Temple: D:4-7

Altars:
Makhleb
Uskayaw
Wu Jian
Zin

Annotations:
D:3 3 runed translucent doors, OlManJenkins's ghost, amateur GnHu
D:4 Menkaure


Innate Abilities, Weirdness & Mutations

You have a beak for a mouth.
You have claws for feet.
Your magical nature lets you fly swiftly and evasively.


Message History

You feel better.
The gnoll sergeant hits you from afar with a +1 trident of venom.
You are poisoned.
The gnoll hits you from afar with a +0 spear.
* * * LOW HITPOINT WARNING * * *
You feel better.
The gnoll sergeant is no longer more vulnerable to fire.
The gnoll sergeant hits you from afar with a +1 trident of venom.
The gnoll barely misses you.
You struggle against the net.
The gnoll sergeant hits you from afar with a +1 trident of venom.
* * * LOW HITPOINT WARNING * * *
You are poisoned.
The gnoll barely misses you.
Okay, then.
As you read the scroll of fog, it crumbles to dust.
The scroll dissolves into smoke.
You feel very sick.
The gnoll sergeant hits you from afar with a +1 trident of venom.
* * * LOW HITPOINT WARNING * * *
You are more poisoned.
The gnoll hits you from afar with a +0 spear.
* * * LOW HITPOINT WARNING * * *
You rip the net and break free!
* * * LOW HITPOINT WARNING * * *
You feel very sick. The gnoll sergeant misses you.
The gnoll closely misses you.
* * * LOW HITPOINT WARNING * * *
You feel very sick.
* * * LOW HITPOINT WARNING * * *
You feel sick.
You feel better.
The gnoll sergeant hits you from afar with a +1 trident of venom!
* * * LOW HITPOINT WARNING * * *
You are lethally poisoned!
The gnoll hits you from afar with a +0 spear.
* * * LOW HITPOINT WARNING * * *
* * * LOW HITPOINT WARNING * * *
You feel very sick.
You die...

... ▒...+.......▒▒......... ... .
▒...▒.......▒▒▒▒▒...... ▒.. ...
▒##....................
▒rg▒#▒▒▒▒▒.......▒▒...... ▒
▒▒g###▒▒▒▒.......▒....... .......
▒▒▒#g##.........▒▒▒▒.▒.. ......
.. ▒#▒g#.........▒▒▒▒.▒.▒ .▒....
.▒▒▒▒.▒#^..............▒.▒
....▒▒▒.........Q▒▒▒▒+▒▒▒........
.......▒▒▒▒▒..........▒..........
......................▒..........
......................+..........
...(..................▒.....▒..▒▒
▒▒...............................
▒▒...▒▒▒.........................
▒▒...▒ ▒................>.....▒▒▒
▒▒...▒ ▒.........▒▒▒▒▒▒▒.▒▒▒▒▒▒


You could see a gnoll sergeant and a gnoll.

Vanquished Creatures
  A black bear (D:4)
  An ice beast (D:5)
  2 elf zombies (Ossuary)
  A human zombie (Ossuary)
  4 centaur zombies (Ossuary)
  2 hounds (D:5)
  2 orc priests
  3 iguanas
  A sleepcap (D:4)
  An orc wizard (D:4)
  4 hound zombies (Ossuary)
  3 mummies (Ossuary)
  5 gnolls
  6 adders
  A white imp (D:3)
  2 ufetubi (D:4)
  2 adder zombies (Ossuary)
  3 worms
  A dart slug (D:2)
  4 orcs
  6 bats
  6 endoplasms
  2 giant cockroaches
  3 goblins
  10 hobgoblins
  4 quokkas
  6 ball pythons
  4 frilled lizards
  A gnoll zombie (Ossuary)
  A goblin zombie (Ossuary)
  A hobgoblin zombie (Ossuary)
  3 jackal zombies (Ossuary)
  6 kobolds
  5 kobold zombies (Ossuary)
  3 quokka zombies (Ossuary)
  3 rats
  4 rat zombies (Ossuary)
117 creatures vanquished.

Vanquished Creatures (others)
  211 foxfires
211 creatures vanquished.

Grand Total: 328 creatures vanquished

Notes
Turn   | Place    | Note
-------+----------+-------------------------------------------
     0 | D:1      | shmup the Tengu Fire Elementalist began the quest for the
                  | Orb.
     0 | D:1      | Reached XP level 1. HP: 10/10 MP: 4/4
   149 | D:1      | Reached XP level 2. HP: 15/15 MP: 1/6
   401 | D:1      | Reached skill level 4 in Fire Magic
   541 | D:1      | Learned a level 2 spell: Scorch
   651 | D:1      | Reached XP level 3. HP: 19/19 MP: 3/7
   788 | D:2      | Found a faded altar of an unknown god.
  1583 | D:3      | Noticed a +0 dagger
  1583 | D:3      | Noticed a +0 dagger
  1584 | D:3      | Found a hide-covered altar of Uskayaw.
  1654 | D:3      | Reached XP level 4. HP: 22/24 MP: 2/8
  1731 | D:3      | Reached skill level 5 in Fire Magic
  1901 | D:3      | Gained mutation: Your magical nature lets you fly swiftly
                  | and evasively. [Tengu growth]
  1901 | D:3      | Reached XP level 5. HP: 25/28 MP: 0/9
  2017 | D:3      | Found an ornate altar of the Wu Jian Council.
  2061 | D:3      | Found a runed translucent gate.
  2061 | D:3      | Found a runed translucent gate.
  2119 | D:3      | Found a runed translucent gate.
  2121 | D:3      | Noticed OlManJenkins's ghost (amateur GnHu)
  2943 | D:4      | Noticed a black bear
  3009 | D:4      | Killed a black bear
  3010 | D:4      | Reached skill level 6 in Fire Magic
  3010 | D:4      | Reached XP level 6. HP: 32/32 MP: 1/10
  3422 | D:4      | Reached skill level 5 in Conjurations
  3496 | D:4      | Found a burning altar of Makhleb.
  3499 | D:4      | Found a glowing silver altar of Zin.
  3499 | D:4      | Noticed a green death
  3508 | D:4      | Reached skill level 7 in Fire Magic
  3605 | D:4      | Noticed an angel
  3613 | D:4      | Became a worshipper of Makhleb the Destroyer
  3994 | D:4      | Noticed Menkaure
  4124 | D:5      | Entered Level 5 of the Dungeon
  4143 | D:5      | Reached XP level 7. HP: 35/36 MP: 11/11
  4214 | D:5      | Found a sand-covered staircase.
  4223 | Ossuary  | Entered an ossuary
  4442 | Ossuary  | Reached skill level 8 in Fire Magic
  4908 | Ossuary  | Reached XP level 8. HP: 14/41 MP: 6/12
  5051 | Ossuary  | Reached * piety under Makhleb
  5226 | D:5      | Learned a level 3 spell: Inner Flame
  5302 | D:5      | Reached skill level 9 in Fire Magic
  5316 | D:5      | HP: 1/41 [poisoned by a gnoll sergeant]
  5317 | D:5      | Succumbed to a gnoll sergeant's poison

Illustrated notes

Levels and vault maps discovered:
D:1:      co_arrival_square_in_a_square_in_a_square, layout_rooms, st_stairs_5
D:2:      layout_rooms, serial_aquarium, aquarium_bridge_square
          [aquarium_subvault_wall, aquarium_subvault_bridge,
          aquarium_subvault_balcony, aquarium_subvault_bridge],
          aquarium_bridge_square [aquarium_subvault_bridge,
          aquarium_subvault_window, aquarium_subvault_bridge,
          aquarium_subvault_bridge], aquarium_window_fake,
          aquarium_window_corner, aquarium_view_2c, aquarium_balcony_1b,
          aquarium_pool_side, ebering_ecumenical_altar_ruins
D:3:      layout_loops_cross, nicolae_wu_jian_glorious_leap,
          dancing_weapons_uskayaw, ebering_ghost_rock_garden,
          kennysheep_big_empty_room
D:4:      layout_loops_ring, grunt_temple_overflow_order_and_chaos_2,
          bh_walls_and_bars, uniq_menkaure
D:5:      layout_basic, nicolae_ossuary_entry_monument

Skill      XL: |  1  2  3  4  5  6  7  8 |
---------------+-------------------------+-----
Conjurations   | 2 3 4 5 6 |  6.9
Fire Magic     | 4 5 6 7 8 9 |  9.0
Dodging        | |  2.1
Stealth        | |  2.0
Spellcasting   | |  2.0
Hexes          | |  0.5

Action                     |  1- 3 |  4- 6 |  7- 9 || total
---------------------------+-------+-------+-------++-------
  Melee: Spear             |    10 |     3 |       ||    13
         Peck              |     2 |       |     4 ||     6
         Kick              |     2 |     2 |    16 ||    20
         Dagger            |       |    17 |    35 ||    52
         Punch             |       |       |     2 ||     2
  Throw: Dart              |     1 |       |       ||     1
   Cast: Foxfire           |    46 |    26 |    52 ||   124
         Scorch            |     6 |    30 |    31 ||    67
    Use: Scroll            |     2 |     2 |     5 ||     9
         Potion            |       |       |     6 ||     6
   Stab: Sleeping          |       |     1 |       ||     1
 Armour: Robe              |     3 |     1 |    15 ||    19
  Dodge: Dodged            |     5 |    13 |    66 ||    84
